TOP OF THE 1ST |
Tacoma Rainiers batting - Pitching for Charlotte Knights : RHP Dave Espinoza
|
Pitching: RHP Dave Espinoza
|
|
Batting: RHB Sean Peake
|
0-0: Ball 1-0: SINGLE (Groundball, 56S, EV 68.1 MPH) (infield hit)
|
Batting: RHB Micah Roth
|
0-0: Ball 1-0: Ball Sean Peake steals 2nd base 2-0: Single, Error in OF, E8, batter to second base (Groundball, 6MD, EV 101.9 MPH) Sean Peake scores
|
Batting: LHB Jerrod Cluck
|
0-0: Ball 1-0: Called Strike 1-1: Foul Ball, location: 2F 1-2: Ball 2-2: Ball 3-2: Foul Ball, location: 2F 3-2: Foul Ball, location: 2F 3-2: Base on Balls
|
Batting: LHB Cliff Thomas
|
0-0: Ball 1-0: SINGLE (Groundball, 6MD, EV 108.8 MPH) Micah Roth to third Jerrod Cluck to second
|
Batting: RHB Malik Brookshire
|
0-0: Swinging Strike 0-1: Swinging Strike 0-2: Fly out, F3 (Popup, 3, EV 63.1 MPH)
|
Batting: LHB Tom Reynolds
|
0-0: Fly out, F7 (Flyball, 7LM, EV 88.1 MPH)
|
Batting: RHB Bill Vives
|
0-0: Called Strike 0-1: DOUBLE (Line Drive, 7LS, EV 105.6 MPH) Micah Roth scores Jerrod Cluck scores Cliff Thomas to third Runner from 3rd tries for Home, throw by LF and OUT! 7-6-2
|
Top of the 1st over - 3 runs, 4 hits, 1 error, 1 left on base; Tacoma 3 - Charlotte 0 |
BOTTOM OF THE 1ST |
Charlotte Knights batting - Pitching for Tacoma Rainiers : RHP T.J. Stahlman
|
Pitching: RHP T.J. Stahlman
|
|
Batting: LHB Hirakito Herring
|
0-0: Called Strike 0-1: Foul Ball, location: 2F 0-2: Ball 1-2: Ball 2-2: Ground out 3-1 (Groundball, 34S, EV 66.9 MPH)
|
Batting: RHB Jeff Brower
|
0-0: Ball 1-0: Called Strike 1-1: Ball 2-1: Ground out 6-3 (Groundball, 6, EV 101.3 MPH)
|
Batting: LHB Sonny Flood
|
0-0: Ground out 5-3 (Groundball, 25, EV 80.0 MPH)
|
Bottom of the 1st over - 0 runs, 0 hits, 0 errors, 0 left on base; Tacoma 3 - Charlotte 0 |
TOP OF THE 2ND |
Tacoma Rainiers batting - Pitching for Charlotte Knights : RHP Dave Espinoza
|
Batting: RHB Jim Begger
|
0-0: Ball 1-0: Swinging Strike 1-1: Called Strike 1-2: Ground out 6-3 (Groundball, 6, EV 85.0 MPH)
|
Batting: RHB Salvador Avina
|
0-0: Ground out 6-3 (Groundball, 56, EV 80.0 MPH)
|
Batting: RHB Sean Peake
|
0-0: Ball 1-0: SINGLE (Groundball, 6MS, EV 60.0 MPH) (infield hit)
|
Batting: RHB Micah Roth
|
0-0: Called Strike 0-1: Fielders Choice at 2nd, 6-4 (Groundball, 56, EV 87.5 MPH)
|
Top of the 2nd over - 0 runs, 1 hit, 0 errors, 1 left on base; Tacoma 3 - Charlotte 0 |
BOTTOM OF THE 2ND |
Charlotte Knights batting - Pitching for Tacoma Rainiers : RHP T.J. Stahlman
|
Batting: RHB Darwin Mills
|
0-0: Foul Ball, location: 2F 0-1: Foul Ball, location: 2F 0-2: Ball 1-2: SINGLE (Line Drive, 8RS, EV 94.4 MPH)
|
Batting: LHB Brian Dickeson
|
0-0: Called Strike 0-1: Foul Ball, location: 2F 0-2: Foul Ball, location: 2F 0-2: Ball 1-2: Strikes out swinging
|
Batting: RHB Will Washburn
|
0-0: Ball 1-0: Called Strike 1-1: Fielders Choice at 2nd, 4-6 (Groundball, 4, EV 105.0 MPH)
|
Batting: RHB Erik Christensen
|
0-0: Ball 1-0: Ball 2-0: SINGLE (Groundball, 56S, EV 68.1 MPH) (infield hit) Will Washburn to second
|
Batting: RHB Harvey Harvey
|
0-0: Called Strike 0-1: Reached on error, E2 (Groundball, 15S, EV 67.5 MPH) Will Washburn scores Erik Christensen to third
|
Batting: RHB Jeff Cox
|
0-0: Called Strike 0-1: SINGLE (Groundball, 56D, EV 105.6 MPH) Erik Christensen scores Harvey Harvey to third Runner from 3rd tries for Home, SAFE, throw by LF to home
|
Batting: LHB Hirakito Herring
|
0-0: Ball 1-0: Ball 2-0: Swinging Strike 2-1: SINGLE (Groundball, 4D, EV 94.4 MPH) Jeff Cox to second Runner from 2nd tries for 3rd, SAFE, throw by CF made to third
|
Batting: RHB Jeff Brower
|
0-0: Swinging Strike 0-1: Foul Ball, location: 2F 0-2: Ball 1-2: Strikes out looking
|
Bottom of the 2nd over - 3 runs, 4 hits, 1 error, 2 left on base; Tacoma 3 - Charlotte 3 |
TOP OF THE 3RD |
Tacoma Rainiers batting - Pitching for Charlotte Knights : RHP Dave Espinoza
|
Batting: LHB Jerrod Cluck
|
0-0: Called Strike 0-1: Ball 1-1: Foul Ball, location: 2F 1-2: Foul Ball, location: 2F 1-2: Foul Ball, location: 2F 1-2: Foul Ball, location: 2F 1-2: SINGLE (Groundball, 15S, EV 75.6 MPH) (infield hit)
|
Batting: LHB Cliff Thomas
|
0-0: Foul Ball, location: 2F 0-1: Called Strike Jerrod Cluck steals 2nd, throwing error, E2 Jerrod Cluck to third 0-2: Foul Ball, location: 2F 0-2: Ball 1-2: Ball 2-2: Foul Ball, location: 2F 2-2: Ball 3-2: Foul Ball, location: 2F 3-2: Foul Ball, location: 2F 3-2: Foul Ball, location: 2F 3-2: Base on Balls
|
Batting: RHB Malik Brookshire
|
0-0: Called Strike 0-1: Foul Ball, location: 2F 0-2: Ball 1-2: Ball 2-2: SINGLE (Groundball, 4D, EV 95.6 MPH) Jerrod Cluck scores Cliff Thomas to second
|
Batting: LHB Tom Reynolds
|
0-0: Foul Ball, location: 2F 0-1: Ball 1-1: Called Strike 1-2: Strikes out swinging
|
Batting: RHB Bill Vives
|
0-0: Fielders Choice at 2nd, 3-6 (Groundball, 23, EV 91.9 MPH) Cliff Thomas to third
|
Batting: RHB Jim Begger
|
0-0: Fielders Choice at 2nd, 6-4 (Groundball, 56, EV 81.3 MPH)
|
Top of the 3rd over - 1 run, 2 hits, 1 error, 2 left on base; Tacoma 4 - Charlotte 3 |
BOTTOM OF THE 3RD |
Charlotte Knights batting - Pitching for Tacoma Rainiers : RHP T.J. Stahlman
|
Batting: LHB Sonny Flood
|
0-0: Called Strike 0-1: SOLO HOME RUN (Flyball, 9D, EV 93.1 MPH), Distance : 372 ft
|
Batting: RHB Darwin Mills
|
0-0: Foul Ball, location: 2F 0-1: Ball 1-1: Ball 2-1: Ground out 5-3 (Groundball, 5, EV 85.6 MPH)
|
Batting: LHB Brian Dickeson
|
0-0: Ball 1-0: Called Strike 1-1: Ball 2-1: Called Strike 2-2: Foul Ball, location: 2F 2-2: Fly out, F3 (Popup, 3SF, EV 84.4 MPH)
|
Batting: RHB Will Washburn
|
0-0: Ball 1-0: Foul Ball, location: 2F 1-1: Fly out, F7 (Flyball, 7S, EV 92.5 MPH)
|
Bottom of the 3rd over - 1 run, 1 hit, 0 errors, 0 left on base; Tacoma 4 - Charlotte 4 |
TOP OF THE 4TH |
Tacoma Rainiers batting - Pitching for Charlotte Knights : RHP Dave Espinoza
|
Batting: RHB Salvador Avina
|
0-0: Ball 1-0: Ground out U3 (Groundball, 3D, EV 86.3 MPH)
|
Batting: RHB Sean Peake
|
0-0: Ball 1-0: Called Strike 1-1: Hit by Pitch
|
Batting: RHB Micah Roth
|
0-0: Ball Sean Peake steals 2nd, throwing error, E2 Sean Peake to third 1-0: Called Strike 1-1: Fly out, F8 (Line Drive, 8RD, EV 103.8 MPH)
|
Batting: LHB Jerrod Cluck
|
0-0: Called Strike 0-1: Ball 1-1: Ball 2-1: Reached on error, E2 (Groundball, 2L, EV 71.3 MPH) Sean Peake scores
|
Batting: LHB Cliff Thomas
|
0-0: Ball Jerrod Cluck steals 2nd base 1-0: Ground out 1-3 (Groundball, 15S, EV 71.9 MPH)
|
Top of the 4th over - 1 run, 0 hits, 2 errors, 1 left on base; Tacoma 5 - Charlotte 4 |
BOTTOM OF THE 4TH |
Charlotte Knights batting - Pitching for Tacoma Rainiers : RHP T.J. Stahlman
|
Batting: RHB Erik Christensen
|
0-0: Fly out, F9 (Flyball, 9LM, EV 90.6 MPH)
|
Batting: RHB Harvey Harvey
|
0-0: Foul Ball, location: 2F 0-1: Ball 1-1: Ball 2-1: Ground out 4-3 (Groundball, 4, EV 85.6 MPH)
|
Batting: RHB Jeff Cox
|
0-0: Called Strike 0-1: Swinging Strike 0-2: Foul Ball, location: 2F 0-2: Strikes out swinging
|
Bottom of the 4th over - 0 runs, 0 hits, 0 errors, 0 left on base; Tacoma 5 - Charlotte 4 |
TOP OF THE 5TH |
Tacoma Rainiers batting - Pitching for Charlotte Knights : RHP Dave Espinoza
|
Batting: RHB Malik Brookshire
|
0-0: Ball 1-0: Ball 2-0: SINGLE (Groundball, 56D, EV 94.4 MPH)
|
Pitching: RHP Tyler Jack
|
|
Batting: LHB Tom Reynolds
|
0-0: Called Strike 0-1: Ball 1-1: Foul Ball, location: 2F 1-2: Fielders Choice at 2nd, 6-4 (Groundball, 6M, EV 91.3 MPH)
|
Batting: RHB Bill Vives
|
0-0: Called Strike 0-1: Ball 1-1: Called Strike 1-2: Ball 2-2: Ball 3-2: Strikes out looking
|
Batting: RHB Jim Begger
|
0-0: Ball 1-0: Swinging Strike 1-1: Ball 2-1: Ball 3-1: Ground out 5-3 (Groundball, 56, EV 103.8 MPH)
|
Top of the 5th over - 0 runs, 1 hit, 0 errors, 1 left on base; Tacoma 5 - Charlotte 4 |
BOTTOM OF THE 5TH |
Charlotte Knights batting - Pitching for Tacoma Rainiers : RHP T.J. Stahlman
|
Batting: LHB Hirakito Herring
|
0-0: Called Strike 0-1: Swinging Strike 0-2: SINGLE (Groundball, 6MD, EV 98.1 MPH)
|
Batting: RHB Jeff Brower
|
0-0: Ball 1-0: Ball 2-0: Ball Wild Pitch! Hirakito Herring to second 3-0: Base on Balls
|
Batting: LHB Sonny Flood
|
0-0: Ball 1-0: Ball 2-0: Called Strike 2-1: Swinging Strike 2-2: Strikes out swinging
|
Batting: RHB Darwin Mills
|
0-0: Ball 1-0: Swinging Strike 1-1: Foul Ball, location: 2F 1-2: Ball 2-2: DOUBLE (Flyball, 89D, EV 99.4 MPH) Hirakito Herring scores Jeff Brower to third
|
Pitching: RHP Kenzaburo Yoneyama
|
|
Batting: LHB Brian Dickeson
|
0-0: Ball 1-0: Ball 2-0: Ball 3-0: Base on Balls
|
Batting: RHB Will Washburn
|
0-0: Fly out, F4 (Popup, 4S, EV 66.9 MPH)
|
Batting: RHB Erik Christensen
|
0-0: Called Strike 0-1: Ball 1-1: Ball 2-1: Foul Ball, location: 2F 2-2: Fly out, F7 (Flyball, 7, EV 95.0 MPH)
|
Bottom of the 5th over - 1 run, 2 hits, 0 errors, 3 left on base; Tacoma 5 - Charlotte 5 |
TOP OF THE 6TH |
Tacoma Rainiers batting - Pitching for Charlotte Knights : RHP Tyler Jack
|
Batting: RHB Salvador Avina
|
0-0: Ball 1-0: Foul Ball, location: 2F 1-1: Hit by Pitch
|
Batting: RHB Sean Peake
|
0-0: Called Strike 0-1: Fly out, F4 (Line Drive, 4, EV 66.3 MPH)
|
Batting: RHB Micah Roth
|
0-0: Swinging Strike 0-1: Called Strike 0-2: Ball 1-2: Foul Ball, location: 2F 1-2: Ball 2-2: Fly out, F8 (Line Drive, 8LD, EV 88.8 MPH)
|
Batting: LHB Jerrod Cluck
|
0-0: Ball 1-0: Ball 2-0: Ball 3-0: Called Strike 3-1: Ground out 3-1 (Groundball, 34S, EV 68.1 MPH)
|
Top of the 6th over - 0 runs, 0 hits, 0 errors, 1 left on base; Tacoma 5 - Charlotte 5 |
BOTTOM OF THE 6TH |
Charlotte Knights batting - Pitching for Tacoma Rainiers : RHP Kenzaburo Yoneyama
|
Batting: RHB Harvey Harvey
|
0-0: Called Strike 0-1: Ground out 4-3 (Groundball, 4, EV 98.1 MPH)
|
Batting: RHB Jeff Cox
|
0-0: Ball 1-0: Ball 2-0: Ball 3-0: Called Strike 3-1: Ground out U3 (Groundball, 34S, EV 63.1 MPH)
|
Batting: LHB Hirakito Herring
|
0-0: Ball 1-0: Foul Ball, location: 2F 1-1: Ball 2-1: Ball 3-1: Foul Ball, location: 2F 3-2: Foul Ball, location: 2F 3-2: Foul Ball, location: 2F 3-2: Base on Balls
|
Batting: RHB Jeff Brower
|
0-0: Swinging Strike 0-1: SINGLE (Line Drive, 78M, EV 108.1 MPH) Hirakito Herring to second
|
Batting: LHB Sonny Flood
|
0-0: Ball 1-0: Ball 2-0: Swinging Strike 2-1: Foul Ball, location: 2F 2-2: Ball 3-2: Base on Balls Hirakito Herring to third Jeff Brower to second
|
Batting: RHB Darwin Mills
|
0-0: Ball 1-0: Called Strike 1-1: Ball 2-1: Ball 3-1: Fielders Choice at 2nd, U4 (Groundball, 4M, EV 86.9 MPH)
|
Bottom of the 6th over - 0 runs, 1 hit, 0 errors, 3 left on base; Tacoma 5 - Charlotte 5 |
TOP OF THE 7TH |
Tacoma Rainiers batting - Pitching for Charlotte Knights : RHP Tyler Jack
|
Pitching: RHP Michael McMurry
|
|
Batting: LHB Cliff Thomas
|
0-0: Swinging Strike 0-1: Ball 1-1: Swinging Strike 1-2: Foul Ball, location: 2F 1-2: Strikes out swinging
|
Batting: RHB Malik Brookshire
|
0-0: Called Strike 0-1: Ball 1-1: Fly out, F9 (Flyball, 89D, EV 103.1 MPH)
|
Batting: LHB Tom Reynolds
|
0-0: Ball 1-0: Called Strike 1-1: Ball 2-1: Foul Ball, location: 2F 2-2: Foul Ball, location: 2F 2-2: Fly out, F7 (Flyball, 78S, EV 88.1 MPH)
|
Top of the 7th over - 0 runs, 0 hits, 0 errors, 0 left on base; Tacoma 5 - Charlotte 5 |
BOTTOM OF THE 7TH |
Charlotte Knights batting - Pitching for Tacoma Rainiers : RHP Kenzaburo Yoneyama
|
Pitching: LHP Justin Neikirk
|
|
Batting: LHB Brian Dickeson
|
0-0: Ball 1-0: Foul Ball, location: 2F 1-1: Ball 2-1: SINGLE (Groundball, 34D, EV 103.8 MPH)
|
Batting: RHB Will Washburn
|
0-0: Swinging Strike 0-1: SINGLE (Flyball, 34D, EV 90.6 MPH) Brian Dickeson to second
|
Pinch Runner at 2nd Jake Savell:
|
|
Batting: RHB Erik Christensen
|
0-0: Bunted foul 0-1: Ball Jake Savell steals 3rd base 1-1: Foul Ball, location: 2F 1-2: Ball 2-2: Foul Ball, location: 2F 2-2: Ball 3-2: Base on Balls Will Washburn to second
|
Batting: RHB Harvey Harvey
|
0-0: Grounds into fielders choice 5-2 (Groundball, 56S, EV 86.9 MPH) Will Washburn to third Erik Christensen to second
|
Batting: RHB Jeff Cox
|
0-0: Ball 1-0: Ball 2-0: Ball 3-0: Base on Balls Will Washburn scores Erik Christensen to third Harvey Harvey to second
|
Batting: LHB Hirakito Herring
|
0-0: Swinging Strike 0-1: Called Strike 0-2: Strikes out looking
|
Batting: RHB Jeff Brower
|
0-0: Foul Ball, location: 2F 0-1: Foul Ball, location: 2F 0-2: Ball 1-2: Foul Ball, location: 2F 1-2: SINGLE (Groundball, 6MD, EV 106.3 MPH) Erik Christensen scores Harvey Harvey to third Jeff Cox to second Runner from 3rd tries for Home, throw by CF and OUT! 8-2
|
Bottom of the 7th over - 2 runs, 3 hits, 0 errors, 2 left on base; Tacoma 5 - Charlotte 7 |
TOP OF THE 8TH |
Tacoma Rainiers batting - Pitching for Charlotte Knights : RHP Michael McMurry
|
Now in LF: Casey Quinones
|
|
Batting: RHB Bill Vives
|
0-0: Called Strike 0-1: Called Strike 0-2: Ball 1-2: Ball 2-2: Strikes out looking
|
Batting: RHB Jim Begger
|
0-0: Called Strike 0-1: Ball 1-1: Ball 2-1: Ground out 5-3 (Groundball, 56, EV 85.6 MPH)
|
Batting: RHB Salvador Avina
|
0-0: Ball 1-0: Called Strike 1-1: Ball 2-1: Called Strike 2-2: Strikes out swinging
|
Top of the 8th over - 0 runs, 0 hits, 0 errors, 0 left on base; Tacoma 5 - Charlotte 7 |
BOTTOM OF THE 8TH |
Charlotte Knights batting - Pitching for Tacoma Rainiers : LHP Justin Neikirk
|
Pitching: RHP Kurt Loscalzo
|
|
Batting: LHB Sonny Flood
|
0-0: Swinging Strike 0-1: Called Strike 0-2: Fly out, F8 (Line Drive, 8RD, EV 98.1 MPH)
|
Batting: RHB Darwin Mills
|
0-0: Ball 1-0: Foul Ball, location: 2F 1-1: Swinging Strike 1-2: Foul Ball, location: 2F 1-2: Ground out 4-3 (Groundball, 4M, EV 93.1 MPH)
|
Batting: RHB Casey Quinones
|
0-0: Ball 1-0: Foul Ball, location: 2F 1-1: Called Strike 1-2: Strikes out looking
|
Bottom of the 8th over - 0 runs, 0 hits, 0 errors, 0 left on base; Tacoma 5 - Charlotte 7 |
TOP OF THE 9TH |
Tacoma Rainiers batting - Pitching for Charlotte Knights : RHP Michael McMurry
|
Pitching: RHP Chris Rodgers
|
|
Batting: RHB Sean Peake
|
0-0: Ground out 5-3 (Groundball, 5, EV 83.8 MPH)
|
Pinch Hitting: LHB Ryan Lowe
|
0-0: Called Strike 0-1: Ball 1-1: Foul Ball, location: 2F 1-2: Ball 2-2: Ball 3-2: SINGLE (Groundball, 34D, EV 103.1 MPH)
|
Batting: LHB Jerrod Cluck
|
0-0: Called Strike 0-1: Swinging Strike 0-2: Ball 1-2: Strikes out swinging
|
Batting: LHB Cliff Thomas
|
0-0: Ball 1-0: Swinging Strike 1-1: Ball 2-1: Called Strike 2-2: Foul Ball, location: 2F 2-2: Foul Ball, location: 2F 2-2: Ball 3-2: Strikes out swinging
|
Top of the 9th over - 0 runs, 1 hit, 0 errors, 1 left on base; Tacoma 5 - Charlotte 7 |
|